 Dungeon Crawl Stone Soup version 0.24.0-123-gd5b16e6ec5 (webtiles) character file.

Game seed: 2782072735342475908, levelgen mode: deterministic

375 Notrik the Skirmisher (level 6, -7/57 HPs)
             Began as a Hill Orc Fighter on Feb 7, 2020.
             Killed by divine providence
             ... invoked by an orc priest
              (9 damage)
             ... on level 4 of the Dungeon.
             The game lasted 00:07:34 (3527 turns).

Notrik the Skirmisher (Hill Orc Fighter)            Turns: 3527, Time: 00:07:34

Health: -7/57      AC: 12    Str: 21    XL:     6   Next: 72%
Magic:  6/6        EV:  4    Int:  8    God:
Gold:   132        SH:  9    Dex: 10    Spells: 5/5 levels left

rFire    . . .     SeeInvis .   a - +0 war axe
rCold    . . .     Gourm    .   c - +0 shield
rNeg     . . .     Faith    .   x - +0 plate armour
rPois    .         Spirit   .   (no helmet)
rElec    .         Reflect  .   (no cloak)
rCorr    .         Harm     .   (no gloves)
MR       .....                  (no boots)
Stlth    ..........             (no amulet)
HPRegen  0.19/turn              k - ring of stealth
MPRegen  0.10/turn              (no ring)

@: lethally poisoned (-7 -> -9)
A: no striking features
a: Convert to Beogh


You were on level 4 of the Dungeon.
You were hungry.

You visited 1 branch of the dungeon, and saw 4 of its levels.

You collected 132 gold pieces.

Inventory:

Hand Weapons
 a - a +0 war axe (weapon)
Missiles
 r - 4 throwing nets (quivered) {!f}
Armour
 c - a +0 shield (worn)
 x - a +0 plate armour (worn)
   (You found it on level 4 of the Dungeon)
Jewellery
 k - a ring of stealth (left hand)
   (You found it on level 1 of the Dungeon)
Scrolls
 g - a scroll of immolation {unknown}
 h - 3 scrolls of identify {@r1}
 j - 2 scrolls of remove curse {unknown}
 l - 2 scrolls of blinking {unknown}
 n - a scroll of noise {unknown}
 o - 3 scrolls of teleportation {unknown}
 q - a scroll of random uselessness {unknown}
 s - a scroll of magic mapping {unknown}
 t - a scroll of enchant weapon {unknown}
 v - a scroll of enchant armour {unknown}
Potions
 d - a potion of might
 f - 2 potions of curing {unknown}
 i - a potion of degeneration {unknown}
 m - a potion of agility {unknown}
 p - a potion of cancellation {unknown}
 u - 2 potions of mutation {unknown}
Comestibles
 e - 9 rations {!d}
 w - a chunk of flesh


   Skills:
 * Level 6.2 Fighting
 + Level 4.6 Axes
 + Level 4.6 Armour
 + Level 4.6 Shields


You had 5 spell levels left.
You didn't know any spells.
Your spell library was empty.

Dungeon Overview and Level Annotations

Branches:
Dungeon (4/15)
 Temple: D:4-7

Altars:
Fedhas
Ru


Message History

The worker ant waves its antennae.
The worker ant bites you.
* * * LOW HITPOINT WARNING * * *
You are poisoned.
The worker ant poisons you!
You bow before the missionary of Beogh.
You are too injured to fight recklessly!
You are too injured to fight recklessly!
You hit the worker ant but do no damage.
You barely miss the orc.
You feel sick.
The worker ant bites you but does no damage.
The orc barely misses you.
The orc priest looks satisfied for a moment.
Your shield and plate armour prevent you from hitting the worker ant.
You hit the orc priest. You hit the orc.
You kill the orc!
You feel sick. You block the worker ant's attack. The worker ant bites you.
* * * LOW HITPOINT WARNING * * *
The orc priest shouts, "Beogh is our master!
Accept the truth or die!"
The orc priest hits you but does no damage.
You hit the worker ant. You barely miss the orc priest.
You closely miss the worker ant.
You feel sick.
The worker ant bites you but does no damage.
The worker ant bites you.
* * * LOW HITPOINT WARNING * * *
The orc priest hits you.
* * * LOW HITPOINT WARNING * * *
The orc wizard gestures wildly while chanting.
The orc wizard blinks!
You slash the worker ant! You hit the orc priest.
You hit the worker ant but do no damage.
You block the worker ant's attack.
The worker ant bites you but does no damage.
The orc wizard casts a spell.
The orc wizard blinks!
The orc priest invokes the aid of Beogh against you.
Pain shoots through your body!
* * * LOW HITPOINT WARNING * * *
You block the worker ant's attack.
The worker ant bites you but does no damage.
Your shield and plate armour prevent you from hitting the worker ant.
You hit the worker ant. You barely miss the orc priest.
* * * LOW HITPOINT WARNING * * *
You feel sick.
The orc priest hits you but does no damage.
You block the worker ant's attack.
The worker ant bites you but does no damage.
The orc priest mumbles some strange prayers to Beogh against you.
Beogh smites you!
You die...

# ..# ###..# ....
#.... ....# ....#
##....# ...##
.....##..... ...##
##.....#..... ####
....###.... .......
#...# ...........
#....##.....
........###
#...#......
.[.....##
#.@a...._..
.......## ##ao#.....
........#######.o†#
...
....##...##......#.#
.
...####........§...#
.###
#...#####....... .#
##### .#....... ##
###....... .
........


You could see 2 worker ants and 2 orc priests.

Vanquished Creatures
  A sky beast (D:4)
  A phantom (D:3)
  A howler monkey (D:4)
  5 gnolls (D:3)
  3 adders
  A worm (D:2)
  2 dart slugs (D:1)
  3 leopard geckos
  2 orcs
  A giant cockroach (D:1)
  10 goblins
  4 hobgoblins
  3 jackals (D:1)
  6 kobolds
  4 quokkas
  2 ball pythons
  9 bats
  5 frilled lizards
  6 rats
69 creatures vanquished.

Notes
Turn   | Place    | Note
-------+----------+-------------------------------------------
     0 | D:1      | Notrik the Hill Orc Fighter began the quest for the Orb.
     0 | D:1      | Reached XP level 1. HP: 19/19 MP: 1/1
    72 | D:1      | Reached XP level 2. HP: 25/27 MP: 2/2
   129 | D:1      | Reached skill level 4 in Fighting
   453 | D:1      | Reached XP level 3. HP: 31/33 MP: 3/3
  1314 | D:2      | Reached XP level 4. HP: 11/41 MP: 4/4
  2117 | D:2      | Found a blossoming altar of Fedhas.
  2371 | D:3      | Noticed a phantom
  2399 | D:3      | Killed a phantom
  2399 | D:3      | Reached skill level 5 in Fighting
  2399 | D:3      | Reached XP level 5. HP: 31/48 MP: 5/5
  2768 | D:3      | HP: 1/49 [gnoll/+0 spear (8)]
  2769 | D:3      | Reached XP level 6. HP: 1/57 MP: 6/6
  3439 | D:4      | Noticed a sky beast
  3450 | D:4      | Killed a sky beast
  3450 | D:4      | Reached skill level 6 in Fighting
  3498 | D:4      | Found a sacrificial altar of Ru.
  3527 | D:4      | HP: 2/57 [poisoned by a worker ant]
  3527 | D:4      | Killed from afar by an orc priest

Levels and vault maps discovered:
D:1:      doesnt_arrival_eight_statues, layout_loops_cross
D:2:      layout_basic, fedhas_altar_fruit_tree
D:3:      layout_loops_ring, first_ration
D:4:      layout_layer_cave, lemuel_round_altar, roderic_lattice_a,
          kennysheep_generic_room_6, uniq_blork_the_orc

Skill      XL: |  1  2  3  4  5  6 |
---------------+-------------------+-----
Fighting       | 4 5 6 |  6.2
Axes           | 3 4 |  4.6
Armour         | 4 |  4.6
Shields        | 4 |  4.6

Action                   |  1- 3 |  4- 6 || total
-------------------------+-------+-------++-------
Melee: War axe           |   157 |   153 ||   310
  Use: Scroll            |       |     1 ||     1
  Eat: Chunk             |     2 |     3 ||     5
       Ration            |       |     1 ||     1
Armor: Scale mail        |    84 |    57 ||   141
       Plate armour      |       |    22 ||    22
Dodge: Dodged            |    53 |    40 ||    93
Block: Shield            |    90 |    87 ||   177
